 Dungeon Crawl Stone Soup version 0.29-a0-275-g389c0b56f3 (webtiles) character file.

Game seed: 12549287265578098627

46 FlatIsJustice the Gusty (level 3, 0/20 HPs)
             Began as a Tengu Air Elementalist on Mar 11, 2022.
             Succumbed to an adder's poison
             ... on level 2 of the Dungeon.
             The game lasted 00:02:09 (1750 turns).

FlatIsJustice the Gusty (Tengu Air Elementalist)    Turns: 1750, Time: 00:02:10

Health: 0/20       AC:  2    Str:  8    XL:     3   Next: 68%
Magic:  3/7        EV: 12    Int: 17    God:
Gold:   62         SH:  0    Dex: 14    Spells: 5/6 levels left

rFire   . . .      SeeInvis .   (no weapon)
rCold   . . .      Faith    .   (no shield)
rNeg    . . .      Spirit   .   a - +0 robe
rPois   .          Reflect  .   (helmet restricted)
rElec   .          Harm     .   (no cloak)
rCorr   .          Rampage  .   (no gloves)
Will    .....                   (boots unavailable)
Stlth   ++........              (no amulet)
HPRegen 0.06/turn               (no ring)
MPRegen 0.10/turn               (no ring)

@: lethally poisoned (0 -> -6), invisible
A: beak, talons 3
a: no special abilities


You were on level 2 of the Dungeon.
You visited 1 branch of the dungeon, and saw 2 of its levels.

You collected 62 gold pieces.

Inventory:

Armour
 a - a +0 robe (worn)
Magical Staves
 i - a staff of death
Jewellery
 f - a ring of ice
Scrolls
 e - 3 scrolls of identify {unknown}
 g - a scroll of enchant weapon {unknown}
 h - a scroll of fog {unknown}
Potions
 b - a potion of magic
 d - a potion of curing {unknown}


   Skills:
 * Level 1.0 Fighting
 * Level 0.8 Armour
 + Level 2.2 Dodging
 + Level 2.2 Stealth
 * Level 2.4 Spellcasting
 * Level 1.9 Conjurations
 * Level 4.7 Air Magic


You had 5 spell levels left.
You knew the following spells:

 Your Spells              Type           Power      Damage    Failure   Level
a - Shock                 Conj/Air       52%        1d6       4%          1

Your spell library contained the following spells:

 Spells                   Type           Power      Damage    Failure   Level
 Static Discharge         Conj/Air       13%        N/A       7%          2
 Swiftness                Air            18%        N/A       8%          3
 Airstrike                Air            9%         N/A       26%         4


Dungeon Overview and Level Annotations

Branches:
Dungeon (2/15)

Altars:


Innate Abilities, Weirdness & Mutations

You have a beak for a mouth.
You have claws for feet.


Message History

The zap misses the adder.
The zap hits the adder.
The adder is lightly wounded.
The zap misses the adder.
Unknown command.
The adder attacks as you move away! The adder completely misses you.
Casting: Shock (safe; 4% risk of failure)
Confirm with . or Enter, or press ? or * to list all spells.
Aiming: Shock (safe; 4% risk of failure)
Press: ? - help, Shift-Dir - straight line The zap hits the adder.
The adder is moderately wounded.
The zap misses the adder.
The adder bites you. x2
You are poisoned.
The adder poisons you! The adder attacks as you move away! The adder bites you.
You are lethally poisoned!
The adder poisons you!
You feel very sick.
Casting: Shock (safe; 4% risk of failure)
Confirm with . or Enter, or press ? or * to list all spells.
Aiming: Shock (safe; 4% risk of failure)
Press: ? - help, Shift-Dir - straight line The zap misses the adder.
The zap hits the adder.
The adder is heavily wounded.
The zap misses the adder.
The zap hits the adder.
The adder is almost dead.
* * * LOW HITPOINT WARNING * * *
You feel sick. The adder bites you.
* * * LOW HITPOINT WARNING * * *
The adder bites you.
* * * LOW HITPOINT WARNING * * *
Unknown command.
Casting: Shock (safe; 4% risk of failure)
Confirm with . or Enter, or press ? or * to list all spells.
Aiming: Shock (safe; 4% risk of failure)
Press: ? - help, Shift-Dir - straight line
Okay, then.
It was a potion of invisibility.
You fade into invisibility!
You die...

.....##...###...##...............
.....##..##.##...#..........##...
.....###....##†..#####......#....
.....#.######...##...##<....#....
.#...#.........##.... ##...(##...
.............###..# #..#........>
..........####...##l..##....##...
......####........## #......<...
..........####..@##?. ##....#....
#......†.....###SS###..#.........
#.......^......##.....###...##<..
#......######...##...##.....+....
#.....##....##...#####.##...#....
# .... ..##!##...#.....##...#....
# .. #.. ###...##.....##...#....
..##......##...##...
###.................


You could see 2 adders and a frilled lizard (can't see you).

Vanquished Creatures
  An adder (D:2)
  A worm (D:2)
  4 bats
  3 endoplasms
  A giant cockroach (D:2)
  2 goblins (D:2)
  4 hobgoblins
  A quokka (D:1)
  5 ball pythons
  4 frilled lizards
  3 kobolds (D:1)
  6 rats
35 creatures vanquished.

Notes
Turn   | Place    | Note
-------+----------+-------------------------------------------
     0 | D:1      | FlatIsJustice the Tengu Air Elementalist began the quest
                  | for the Orb.
     0 | D:1      | Reached XP level 1. HP: 10/10 MP: 4/4
   118 | D:1      | Reached XP level 2. HP: 16/16 MP: 0/6
   870 | D:2      | Reached skill level 1 in Fighting
   870 | D:2      | Reached XP level 3. HP: 16/20 MP: 0/7
  1749 | D:2      | HP: 1/20 [adder (4)]
  1750 | D:2      | Succumbed to an adder's poison

Illustrated notes

Levels and vault maps discovered:
D:1:      roderic_dead_forest, layout_rooms
D:2:      layout_basic, minmay_puff

Skill      XL: |  1  2 |
---------------+-------+-----
Fighting       | 1 |  1.0
Armour         | |  0.8
Dodging        | |  2.2
Stealth        | |  2.2
Spellcasting   | |  2.4
Conjurations   | |  1.9
Air Magic      | |  4.7

Action                   || total
-------------------------++-------
Melee: Unarmed           ||    14
       Kick              ||     8
 Cast: Shock             ||    69
  Use: Potion            ||     1
Armor: Robe              ||     5
Dodge: Dodged            ||    22

Table legend: (Time is in decaauts)
 A = Elapsed time spent in this place.
 B = Non-inter-level travel time spent in this place.
 C = Inter-level travel time spent in this place.
 D = Time resting spent in this place.
 E = Time spent auto-exploring this place.
 F = Levels seen in this place.
 G = Mean time per level.
                   A        B        C        D        E       F      G
               +--------+--------+--------+--------+--------+-----+--------+
         Total |   1749 |   1730 |     19 |      0 |   1550 |   2 |  874.5 |
       Dungeon |   1749 |   1730 |     19 |      0 |   1550 |   2 |  874.5 |
               +--------+--------+--------+--------+--------+-----+--------+

Top non-repeatable levels by time:
     D:2: 1023 daAuts
     D:1: 726 daAuts
